 Dungeon Crawl Stone Soup version 0.32-a0-975-g85d4e5bfdb (webtiles) character file.

Game seed: 8083306754578366055

221689 freelancePsychic the Warrior (level 18, -9/157 (159) HPs)
             Began as a Demonspawn Wanderer on Apr 14, 2024.
             Was the Champion of Ashenzari.
             Shot with an arrow by a ghostly deep elf master archer (20 damage)
             ... on level 3 of the Elven Halls on Apr 18, 2024.
             The game lasted 01:29:47 (45520 turns).

freelancePsychic the Warrior (Demonspawn Wanderer) Turns: 45520, Time: 01:29:48

HP:   -9/157 (159)  AC: 22    Str: 13    XL:     18   Next: 51%
MP:   4/31          EV: 17    Int: 27    God:    Ashenzari [******]
Gold: 909           SH:  0    Dex: 12    Spells: 1/36 levels left

rFire   + + +        D - staff "Pangnostic Jealousy" (curse) {rF+ Fire, Sorc, Dev} (curse)
rCold   + . .        O - sphere of Battle {Comp, Sorc} (curse)
rNeg    . . .        B - +2 steam dragon scales "Shackled With Me" {Elem, Bglg} (curse)
rPois   +            M - +2 helmet "Bound Together" {Elem, Range} (curse)
rElec   +            j - +0 cloak of Ashenzari's Sybil {Fort, Melee} (curse)
rCorr   +            x - +2 pair of gloves of the Chained Portent {Cun, Elem} (curse)
SInv    +            F - +0 pair of boots "Lashed Mistrust" {+Blink Regen+ Stlth+, Elem, Sorc} (curse)
Will    ++...        h - amulet of Desmomancy {RegenMP+, Cun, Elem} (curse)
Stlth   +++          y - ring of Supernal Understanding {Int+6, Elem, Self} (curse)
HPRegen 1.26/turn    k - ring "Clairvoyant Scepticism" {Will+, Cun, Range} (curse)
MPRegen 0.84/turn

%: clarity
@: brilliant, resistant, attractive, studying Polearms, lightly drained
A: molten scales 3, icemail 1, magic regeneration, black mark, condensation
shield, bedeviling, weakness stinger 2, inability to drink after injury 1
}: 1/15 runes: barnacled
a: Renounce Religion, Evoke Blink, Shatter the Chains


You were on level 3 of the Elven Halls.
You worshipped Ashenzari.
Ashenzari was exalted by your worship.
You visited 5 branches of the dungeon, and saw 29 of its levels.
You visited the Abyss 1 time.
You also visited: Sewer, Ossuary and Ice Cave.

You collected 3989 gold pieces.
You spent 3080 gold pieces at shops.

Inventory:

Hand Weapons
 d - the +1 rapier "Rivegg" {freeze, ^Contam rC+ rCorr Dex+2}
   (You found it on level 2 of the Dungeon)

   Dex+2:     It affects your dexterity (+2).
   rC+:       It protects you from cold.
   ^Contam:   It causes magical contamination when unequipped.
   rCorr:     It protects you from acid and corrosion.
Missiles
 U - 7 throwing nets
Armour
 g - a +0 troll leather armour
 j - the cursed +0 cloak of Ashenzari's Sybil (worn) {Fort, Melee}
   (You found it on level 2 of the Dungeon)

   It has a curse which improves the following skills: Fortitude: Armour and
   Shields.
   Melee Combat: Short Blades, Long Blades, Axes, Maces & Flails, Polearms,
   Staves and Unarmed Combat.
 x - the cursed +2 pair of gloves of the Chained Portent (worn) {Cun, Elem}
   (You found it on level 5 of the Dungeon)

   It has a curse which improves the following skills: Cunning: Dodging and
   Stealth.
   Elements:  Fire Magic, Ice Magic, Air Magic and Earth Magic.
 B - the cursed +2 steam dragon scales "Shackled With Me" (worn) {Elem, Bglg}
   (You found it on level 8 of the Dungeon)

   It has a curse which improves the following skills: Elements: Fire Magic, Ice
   Magic, Air Magic and Earth Magic.
   Beguiling: Hexes and Translocations.
 F - the cursed +0 pair of boots "Lashed Mistrust" (worn) {+Blink Regen+ Stlth+, Elem, Sorc}
   (You acquired it on level 15 of the Dungeon)

   +Blink:    It lets you blink.
   Regen+:    It increases your rate of health regeneration.
   Stlth+:    It makes you more stealthy.
   It has a curse which improves the following skills: Elements: Fire Magic, Ice
   Magic, Air Magic and Earth Magic.
   Sorcery:   Conjurations and Alchemy.
 M - the cursed +2 helmet "Bound Together" (worn) {Elem, Range}
   (You found it on level 8 of the Dungeon)

   It has a curse which improves the following skills: Elements: Fire Magic, Ice
   Magic, Air Magic and Earth Magic.
   Ranged Combat: Ranged Weapons and Throwing.
 O - the cursed sphere of Battle (worn) {Comp, Sorc}
   (You found it on level 14 of the Dungeon)

   Battle:    It summons a battlesphere in combat, with strength depending on
   Conjurations skill.
   Destructive: It enhances your destructive magic, and weakens non-destructive
   magic.
   It has a curse which improves the following skills: Companions: Summonings
   and Necromancy.
   Sorcery:   Conjurations and Alchemy.
Magical Staves
 a - a staff of earth
 D - the cursed staff "Pangnostic Jealousy" (weapon) {rF+ Fire, Sorc, Dev}
   (You found it on level 5 of the Dungeon)

   [staff of fire]

   Base accuracy: +5 Base damage: 5 Base attack delay: 1.2 This weapon's minimum
   attack delay (0.6) is reached at skill level 12.
   rF+:       It protects you from fire.
   Fire:      It increases the power of your Fire spells.
   It falls into the 'Staves' category.
   It is a one-handed weapon.
   It has a curse which improves the following skills: Sorcery: Conjurations and
   Alchemy.
   Devices:   Evocations and Shapeshifting.
Jewellery
 h - the cursed amulet of Desmomancy (around neck) {RegenMP+, Cun, Elem}
   (You found it on level 13 of the Dungeon)

   [amulet of magic regeneration]

   It increases your rate of magic regeneration.
   RegenMP+:  It increases your rate of magic regeneration.
   It has a curse which improves the following skills: Cunning: Dodging and
   Stealth.
   Elements:  Fire Magic, Ice Magic, Air Magic and Earth Magic.
 k - the cursed ring "Clairvoyant Scepticism" (right hand) {Will+, Cun, Range}
   (You found it on level 4 of the Dungeon)

   [ring of willpower]

   Will+:     It increases your willpower.
   It has a curse which improves the following skills: Cunning: Dodging and
   Stealth.
   Ranged Combat: Ranged Weapons and Throwing.
 y - the cursed ring of Supernal Understanding (left hand) {Int+6, Elem, Self}
   (You found it on level 4 of the Dungeon)

   [ring of intelligence]

   Int+6:     It affects your intelligence (+6).
   It has a curse which improves the following skills: Elements: Fire Magic, Ice
   Magic, Air Magic and Earth Magic.
   Introspection: Fighting and Spellcasting.
 X - an amulet of the acrobat
 Z - a ring of resist corrosion
Wands
 z - a wand of roots (9)
 C - a wand of polymorph (3)
 I - a wand of flame (25)
 Q - a wand of charming (12)
 S - a wand of digging (5)
 Y - a wand of mindburst (7)
Scrolls
 b - a scroll of brand weapon
 c - 3 scrolls of fog
 e - 5 scrolls of revelation
 f - 5 scrolls of vulnerability
 i - 7 scrolls of enchant weapon
 n - 2 scrolls of poison
 q - 3 scrolls of fear
 u - 2 scrolls of silence
 E - 7 scrolls of teleportation {@r4}
 G - a scroll of blinking
 J - 4 scrolls of amnesia
 P - 2 scrolls of butterflies
 T - 4 scrolls of torment
Potions
 l - 3 potions of might
 o - 3 potions of brilliance
 p - 11 potions of curing {@q1}
 s - 7 potions of mutation
 t - 2 potions of cancellation
 v - 3 potions of ambrosia
 w - 7 potions of enlightenment
 A - a potion of invisibility
 H - a potion of lignification
 K - 6 potions of attraction
 L - 6 potions of haste {@q3}
Miscellaneous
 N - a phantom mirror
 R - a lightning rod (4/4)
 V - a box of beasts
 W - a condenser vane


   Skills:
 + Level 16.6(18.9) Fighting
 - Level 8.8(11.3) Staves
 - Level 5.7(8.2) Armour
 - Level 10.5(15.2) Dodging
 - Level 1.0(3.5) Stealth
 + Level 7.4(9.9) Spellcasting
 - Level 15.4(20.0) Conjurations
 - Level 7.2(9.7) Hexes
 - Level 11.7(14.1) Summonings
 - Level 2.5(4.5) Necromancy
 + Level 7.7(15.0) Fire Magic
 - Level 8.0(15.3) Earth Magic
 * Level 6.3(11.0) Alchemy
 - Level 7.0(9.5) Evocations


You had one spell level left.
You knew the following spells:

 Your Spells              Type           Power      Damage    Failure   Level
a - Ignition              Fire           72%        3d19      52%         8
b - Fulsome Fusillade     Conj/Alch      60%        (3-5)d17  43%         8
c - Bombard               Conj/Erth      64%        9d10      1%          6
d - Foxfire               Conj/Fire      100%       2x1d9     0%          1
e - Spellforged Servitor  Conj/Summ      63%        N/A       3%          7
f - Irradiate             Conj/Alch      60%        3d31      1%          5

Your spell library contained the following spells:

 Spells                   Type           Power      Damage    Failure   Level
 Sting                    Conj/Alch      100%       1d9       0%          1
 Summon Small Mammal      Summ           100%       N/A       0%          1
 Necrotise                Necr           100%       1d9       1%          1
 Shock                    Conj/Air       100%       1d9       1%          1
 Apportation              Tloc           30%        N/A       3%          1
 Cigotuvi's Dreadful Rot  Necr/Alch/Air  86%        N/A       1%          2
 Momentum Strike          Conj/Tloc      100%       3d10      1%          2
 Sublimation of Blood     Necr           37%        N/A       1%          2
 Passwall                 Erth           77%        N/A       1%          3
 Summon Ice Beast         Ice/Summ       53%        N/A       1%          3
 Vampiric Draining        Necr           37%        2d8       1%          3
 Volatile Blastmotes      Fire/Tloc      100%       2d18      1%          3
 Brom's Barrelling Bould  Conj/Erth      100%       2d11      1%          4
 Fulminant Prism          Conj/Alch      60%        3d26      1%          4
 Ignite Poison            Fire/Alch      100%       N/A       1%          4
 Iskenderun's Mystic Bla  Conj/Tloc      100%       2d19      (+2d11%     4
 Leda's Liquefaction      Alch/Erth      35%        N/A       1%          4
 Martyr's Knell           Necr/Summ      59%        N/A       1%          4
 Petrify                  Alch/Erth      71%        N/A       1%          4
 Sticky Flame             Fire/Alch      100%       2d15      1%          4
 Borgnjor's Vile Clutch   Necr/Erth      30%        N/A       1%          5
 Fireball                 Conj/Fire      76%        3d28      1%          5
 Iskenderun's Battlesphe  Conj           100%       2d15      1%          5
 Orb of Destruction       Conj           67%        9d16      1%          7
 Freezing Cloud           Conj/Ice/Air   44%        6-21      5%          5
 Lesser Beckoning         Tloc           30%        N/A       6%          2
 Animate Dead             Necr           37%        N/A       7%          4
 Frozen Ramparts          Ice            86%        1d13      9%          3
 Ozocubu's Armour         Ice            19%        N/A       9%          3
 Swiftness                Air            19%        N/A       9%          3
 Conjure Ball Lightning   Conj/Air       51%        3x3d18    9%          6
 Maxwell's Portable Pile  Tloc           15%        2d(6-18)  12%         3
 Teleport Other           Tloc           15%        N/A       12%         3
 Metabolic Englaciation   Hex/Ice        29%        N/A       13%         5
 Curse of Agony           Necr           37%        N/A       19%         5
 Airstrike                Air            21%        2d(4-20)  26%         4
 Vhi's Electric Charge    Tloc/Air       34%        N/A       32%         4
 Death Channel            Necr           18%        N/A       71%         6
 Fire Storm               Conj/Fire      76%        8d19      97%         9
 Chain Lightning          Conj/Air       51%        3d68      100%        9
 Shatter                  Erth           60%        3d45*     100%        9


Dungeon Overview and Level Annotations

Branches:
Dungeon (15/15)            Temple (0/1) D:5            Lair (5/5) D:9
 Shoals (4/4) Lair:2       Spider (0/4) Lair:2        Slime (0/5) Lair:5
    Orc (2/2) D:9             Elf (3/3) Orc:2        Vaults (0/5) D:13
 Depths (0/4) D:15          Sewer (visited)         Ossuary (visited)
  IceCv (visited)

Altars:
Ashenzari
Cheibriados
Dithmenos
Fedhas
Kikubaaqudgha
Okawaru
Ru
Uskayaw
Vehumet
Jiyva

Shops:
D:4 (   D:10 *   D:14 :   Orc:2 (*(*(*(   Elf:1 !   Elf:2 *   Shoals:1 (

Portals:
Trove: D:13 (give 18 scrolls of teleportation)

Annotations:
D:8 Joseph
D:11 exclusion: ice statue
Shoals:3 Mara
Elf:2 3 runed translucent doors


Innate Abilities, Weirdness & Mutations

You are completely covered in molten scales. (AC +4, rF+)
A meltable icy envelope protects you from harm. (AC +0)
You regenerate magic rapidly.
Your melee attacks may debilitate your foes.
A meltable shield of frost defends you. (SH +0)
Your hexes are more powerful.
You have a tail ending in a sharp stinger.
You occasionally lose the ability to drink potions when taking damage.


Message History

The poison arrow misses you.
Aiming: Bombard (mildly dangerous; 1% risk of failure)
Press: ? - help, Q - select action, (/) - cycle Shift-Dir - straight line, f/p - deep elf master archer
Aim: a deep elf master archer, wielding a +0 longbow and wearing a +0 leather armour (poison gas, almost dead, extremely poisoned, 68% to hit)
You feel a strong surge of power!
The iron shot hits the deep elf master archer!!!
The deep elf master archer looks more healthy.
The lost soul assumes the form of the deep elf master archer and becomes anchored to this world!
Your battlesphere fires!
The barrage of energy hits the deep elf annihilator.
The deep elf annihilator is heavily wounded.
The ghostly deep elf master archer shoots an arrow.
The arrow hits you!
* * * LOW HITPOINT WARNING * * *
The ghostly deep elf master archer shoots an arrow.
The arrow hits you.
* * * LOW HITPOINT WARNING * * *
The deep elf annihilator is engulfed in poison gas.
The deep elf annihilator looks as sick as possible!
The deep elf annihilator completely misses you.
You feel much better.
The ghostly deep elf master archer shoots an arrow.
The arrow hits you!!
* * * LOW HITPOINT WARNING * * *
The ghostly deep elf master archer shoots an arrow.
The arrow hits you!
* * * LOW HITPOINT WARNING * * *
The deep elf annihilator is engulfed in poison gas.
The deep elf annihilator looks as sick as possible!
The deep elf annihilator hits you but does no damage.
The deep elf zephyrmancer gestures wildly while chanting.
The deep elf zephyrmancer blinks!
The rust devil is attracted toward you.
The deep elf zephyrmancer is attracted toward you.
You feel much better.
The ghostly deep elf master archer shoots an arrow.
The arrow hits you!!
* * * LOW HITPOINT WARNING * * *
The ghostly deep elf master archer shoots an arrow.
The arrow hits you!!
You die...

*,∆∆∆{*#....#######)#..
*+**∆∆∆#..°.#......)#..
***,,**∆∆#....#.......#..
,,,,,,*∆∆#....#.......#..
,⌠,,,,+,∆#.°.°#.......#..
,,.#######.○..#.......#..
,...{{{e.#....#.......#..
,..*4###e*..°.#.......#..
,..eeeee@#....#.......#..
,e.#######....#..)....'..
,⌠,,,{',∆#....#.......#..
,,,,,,*∆∆#....#.......#..
***,,**∆∆#....#.......#..
*+**∆∆∆#....#.......#..
*,∆∆∆∆##....#.......#..
*∆∆∆∆##.....#.......#..
*****###......####+####..


You could see a deep elf death mage, a ghostly deep elf master archer, a deep
elf annihilator (extremely poisoned), a deep elf sorcerer (fast, poisoned), a
deep elf elementalist (repels missiles), a ghostly deep elf knight (ally
target), a rust devil (summoned), a deep elf zephyrmancer (poisoned), a lost
soul (summoned) and a friendly battlesphere.

Vanquished Creatures
  2 Ice Fiends (IceCv)
  A deep elf blademaster (Elf:3)
  A tentacled starspawn (Abyss:3)
  A tengu reaver (D:12)
  Kirke (D:15)
  Ilsuiw (Shoals:3)
  2 deep elf sorcerers
  A formless jellyfish (Shoals:4)
  A deep elf death mage (Elf:3)
  A deep elf annihilator (Elf:3)
  Snorg (Lair:3)
  A fire dragon (D:15)
  5 merfolk javelineers (Shoals:4)
  7 merfolk impalers
  4 vault guards (D:13)
  A green death (Abyss:3)
  2 great orbs of eyes (D:14)
  2 ice dragons
  A caustic shrike simulacrum (IceCv)
  A rakshasa (D:15)
  A spriggan skeleton (Abyss:3)
  A merfolk avatar (Shoals:4)
  4 ogre magi
  2 hydras
  17 two-headed ogres
  2 catoblepae
  4 centaur warriors
  6 merfolk aquamancers
  An alligator snapping turtle (Shoals:4)
  15 dancing weapons
  A nameless horror (Lair:4)
  10 boulder beetles
  2 satyrs (Shoals:4)
  An occultist (D:15)
  2 thrashing horrors (Abyss:3)
  Urug (Lair:2)
  An orc high priest (Elf:2)
  Nergalle (Lair:3)
  Sonja (D:10)
  4 skysharks
  A sixfirhy (Abyss:3)
  2 skeletal warriors
  15 deep elf knights
  A bog body (IceCv)
  7 deep elf archers
  12 sea snakes
  A spriggan simulacrum (IceCv)
  An obsidian statue (IceCv)
  8 harpies
  14 deep elf zephyrmancers
  2 thermic dynamos (Elf:3)
  A wolf spider (D:14)
  2 orc knights
  An obsidian bat (Abyss:3)
  22 deep elf pyromancers
  4 orc sorcerers
  An oklob plant (Lair:3)
  Maurice (D:11)
  10 cyclopes
  8 manticores
  14 ugly things
  13 fauns
  10 elephants (Lair:4)
  7 water nymphs
  10 merfolk sirens
  5 kobold blastminers
  4 black mambas
  A smoke demon (Abyss:3)
  3 gargoyles
  4 large abominations (Abyss:3)
  11 cane toads
  4 unseen horrors
  Maggie (D:9)
  5 rime drakes
  6 komodo dragons
  2 kobold demonologists
  2 anaconda simulacra (IceCv)
  2 ice devils (IceCv)
  5 freezing wraiths (IceCv)
  A golden dragon simulacrum (IceCv)
  2 ancient zymes (Abyss:3)
  4 polar bears
  A wolf spider simulacrum (D:15)
  10 wind drakes
  7 trolls
  10 hornets
  2 alligator simulacra (IceCv)
  31 merfolk
  14 dream sheep
  2 jumping spiders (shapeshifter)
  A raiju (shapeshifter) (D:15)
  13 snapping turtles
  5 blink frogs (Lair:2)
  8 slime creatures
  12 water elementals
  9 spriggans (Lair:5)
  A wraith (D:10)
  An air elemental (Elf:2)
  37 yaks
  A steam dragon (D:8)
  2 vampires
  2 shadows
  2 fire elementals
  5 wyverns
  4 basilisks
  A yak (shapeshifter) (Elf:2)
  6 vampire mosquitoes
  4 hogs (D:15)
  3 wargs
  4 redbacks
  A harpy simulacrum (IceCv)
  A hydra simulacrum (IceCv)
  19 water moccasins
  3 acid dragons
  A swamp drake (shapeshifter) (Elf:2)
  A sky beast (D:7)
  23 orc warriors
  5 black bears
  An ice beast (D:7)
  5 boggarts (Lair:5)
  16 ogres
  A phantom (D:5)
  20 wolves
  10 centaurs
  3 kobold brigands
  13 bullfrogs
  5 earth elementals
  Blork the orc (D:4)
  2 elf zombies (Ossuary)
  2 gnoll sergeants (D:9)
  6 scorpions
  A deep troll simulacrum (IceCv)
  4 wights (D:6)
  7 killer bees
  A lindwurm simulacrum (IceCv)
  2 howler monkeys (D:8)
  4 electric eels
  4 centaur zombies
  3 jellies
  4 bombardier beetles
  A hound (D:4)
  11 orc priests
  A sleepcap (D:5)
  A human zombie (Ossuary)
  2 iron imps (Abyss:3)
  7 iguanas
  18 orc wizards
  Terence (D:3)
  2 hound zombies (Ossuary)
  2 mummies (Ossuary)
  13 gnolls
  3 river rats
  10 adders
  A shadow imp (D:6)
  7 adder zombies (Ossuary)
  6 ribbon worms
  94 orcs
  20 endoplasms
  6 giant cockroaches
  2 gnoll zombies (Ossuary)
  5 goblins
  7 hobgoblins
  2 jackals (D:1)
  16 kobolds
  2 quokkas
  9 ball pythons
  7 bats
  7 frilled lizards
  7 jackal zombies (Ossuary)
  7 kobold zombies (Ossuary)
  6 orc zombies (Ossuary)
  6 rats
  A lurking horror (Abyss:3)
  A starspawn tentacle (Abyss:3)
1002 creatures vanquished.

Vanquished Creatures (collateral kills)
  Rupert (Lair:5)
  An ogre mage (Orc:2)
  A centaur warrior (D:14)
  5 two-headed ogres (Orc:2)
  A thrashing horror (Abyss:3)
  2 skeletal warriors
  An arcanist (D:14)
  2 spriggan simulacra (IceCv)
  5 deep elf pyromancers
  6 deep elf zephyrmancers (Elf:1)
  A large abomination (D:15)
  A necromancer (D:15)
  An orc sorcerer (D:15)
  4 ugly things (D:14)
  A centaur zombie (D:15)
  A torpor snail (Lair:5)
  A gargoyle (D:12)
  A komodo dragon (Lair:5)
  2 freezing wraiths (IceCv)
  2 ice devils (IceCv)
  2 polar bears (Lair:5)
  A hornet (Lair:5)
  A polar bear (shapeshifter) (D:15)
  4 spriggans (Lair:5)
  3 slime creatures
  A wraith (D:13)
  3 yaks (Lair:5)
  A basilisk (D:15)
  A vampire mosquito (D:14)
  A warg (Orc:1)
  2 minotaur simulacra (IceCv)
  2 orc warriors
  7 ogres (Orc:2)
  A wolf (Lair:5)
  2 deep troll simulacra (IceCv)
  2 howler monkeys (D:14)
  An orc priest (Orc:1)
  An orc wizard (Orc:1)
  2 orcs
  10 foxfires
88 creatures vanquished.

Vanquished Creatures (others)
  1486 foxfires
  65 fulminant prisms
  2 starspawn tentacles (Abyss:3)
1553 creatures vanquished.

Grand Total: 2643 creatures vanquished

Notes
Turn   | Place    | Note
-------+----------+-------------------------------------------
     0 | D:1      | freelancePsychic the Demonspawn Wanderer began the quest
                  | for the Orb.
     0 | D:1      | freelancePsychic set off with the following items: a +0
                  | club, a +0 ring mail, a scroll of fog, a scroll of
                  | teleportation {@r4}; and the following spells available to
                  | memorise: Foxfire, Shock, Fulminant Prism.
     0 | D:1      | Reached XP level 1. HP: 13/13 MP: 2/2
    32 | D:1      | Learned a level 1 spell: Foxfire
   123 | D:1      | You fall into a shaft and drop 1 floor!
   197 | D:2      | Reached skill level 1 in Fire Magic
   197 | D:2      | Gained mutation: You are partially covered in molten
                  | scales. (AC +2) [demonic ancestry]
   197 | D:2      | Reached XP level 2. HP: 19/19 MP: 0/3
   229 | D:2      | Identified the +1 rapier "Rivegg" {freeze, ^Contam rC+
                  | rCorr Dex+2}
   407 | D:2      | Reached XP level 3. HP: 23/24 MP: 5/5
  1140 | D:1      | Gained mutation: You have a small tail. [demonic ancestry]
  1140 | D:1      | Reached XP level 4. HP: 30/30 MP: 1/6
  1684 | D:3      | Reached skill level 5 in Conjurations
  1898 | D:3      | Found a broken altar of Ashenzari.
  1908 | D:3      | Reached skill level 1 in Hexes
  1908 | D:3      | Reached XP level 5. HP: 28/35 MP: 6/8
  1927 | D:3      | Became a worshipper of Ashenzari the Shackled
  2077 | D:3      | Learned a level 4 spell: Fulminant Prism
  2099 | D:3      | Noticed Terence
  2128 | D:4      | Found a glowing drain.
  2142 | Sewer    | Entered a sewer
  2281 | Sewer    | Found a viscous altar of Jiyva.
  2290 | Sewer    | Gained mutation: You have a tail ending in a sharp stinger.
                  | [demonic ancestry]
  2290 | Sewer    | Reached XP level 6. HP: 29/41 MP: 1/9
  2421 | D:4      | Found Hequm's Antique Weapon Emporium.
  2447 | D:4      | Found a sand-covered staircase.
  2456 | Ossuary  | Entered an ossuary
  2779 | Ossuary  | Reached skill level 1 in Fighting
  2813 | Ossuary  | Reached XP level 7. HP: 37/48 MP: 2/11
  3052 | D:4      | Reached skill level 2 in Fighting
  3170 | D:4      | Noticed Blork the orc
  3177 | D:4      | Killed Blork the orc
  3235 | D:4      | Found a blossoming altar of Fedhas.
  3874 | D:4      | Reached * piety under Ashenzari
  4465 | D:3      | Killed Terence
  4620 | D:5      | Entered Level 5 of the Dungeon
  4682 | D:5      | Found a sacrificial altar of Ru.
  4734 | D:5      | Gained mutation: You are mostly covered in molten scales.
                  | (AC +3) [demonic ancestry]
  4734 | D:5      | Reached XP level 8. HP: 34/57 MP: 13/13
  4866 | D:5      | Reached ** piety under Ashenzari
  5162 | D:5      | Found a staircase to the Ecumenical Temple.
  5285 | D:5      | Reached skill level 3 in Fighting
  5402 | D:5      | Gained mutation: You occasionally lose the ability to drink
                  | potions when taking damage. [mutagenic glow]
  5765 | D:6      | Reached skill level 4 in Fighting
  6086 | D:6      | Reached skill level 5 in Hexes
  6087 | D:6      | Reached *** piety under Ashenzari
  6258 | D:6      | Found a shadowy altar of Dithmenos.
  6311 | D:6      | Found a radiant altar of Vehumet.
  6598 | D:7      | Found an ancient bone altar of Kikubaaqudgha.
  6722 | D:6      | Gained mutation: You are completely covered in molten
                  | scales. (AC +4, rF+) [demonic ancestry]
  6722 | D:6      | Reached XP level 9. HP: 66/72 MP: 14/17
  6799 | D:6      | Reached skill level 5 in Fighting
  7681 | D:7      | Reached skill level 6 in Fighting
  7924 | D:7      | Reached **** piety under Ashenzari
  8064 | D:7      | Identified the +4 ring mail of an ossuary {Rampage rF+ rC++
                  | Dex-4}
  8599 | D:8      | Noticed Joseph
  8744 | D:8      | Found an iron altar of Okawaru.
  8755 | D:8      | Found a hide-covered altar of Uskayaw.
  8761 | D:8      | Found a snail-covered altar of Cheibriados.
  9554 | D:8      | HP: 3/74 [poisoned by a gnoll]
  9974 | D:9      | Reached XP level 10. HP: 81/81 MP: 8/17
 10236 | D:9      | Found a staircase to the Orcish Mines.
 10262 | D:9      | Found a staircase to the Lair.
 10264 | D:9      | Noticed a cane toad
 10267 | D:9      | Noticed Maggie
 10423 | D:9      | Reached skill level 7 in Fighting
 10587 | D:9      | Reached skill level 1 in Earth Magic
 10760 | D:10     | Entered Level 10 of the Dungeon
 10760 | D:10     | Found Pemyi's General Store.
 10772 | D:10     | Noticed a two-headed ogre
 10819 | D:10     | Noticed a two-headed ogre
 10994 | D:10     | Reached skill level 8 in Fighting
 10994 | D:10     | Gained mutation: A meltable shield of frost defends you.
                  | (SH +0) [demonic ancestry]
 10994 | D:10     | Reached XP level 11. HP: 91/91 MP: 18/18
 11004 | D:10     | Learned a level 6 spell: Bombard
 11566 | D:10     | Killed a two-headed ogre
 11697 | D:10     | Killed a two-headed ogre
 11698 | D:10     | Reached skill level 9 in Fighting
 11826 | D:10     | Noticed Sonja
 11831 | D:10     | Killed Sonja
 13163 | D:11     | Noticed a cyan ugly thing
 13444 | D:9      | Killed Maggie
 13781 | D:9      | Killed a cyan ugly thing
 14082 | D:11     | Noticed a two-headed ogre
 14085 | D:11     | Killed a two-headed ogre
 14092 | D:11     | Learned a level 5 spell: Iskenderun's Battlesphere
 14296 | D:11     | Reached skill level 5 in Spellcasting
 15128 | D:11     | Gained mutation: Your hexes are more powerful. [demonic
                  | ancestry]
 15128 | D:11     | Reached XP level 12. HP: 93/100 MP: 0/22
 15565 | D:11     | Reached ***** piety under Ashenzari
 16398 | D:11     | Reached skill level 1 in Summonings
 17179 | Lair:1   | Entered Level 1 of the Lair of Beasts
 17718 | Lair:1   | Reached skill level 10 in Fighting
 18300 | Lair:1   | Identified the +2 trident of the Toothy God {venom, rN+
                  | rCorr}
 18809 | Lair:1   | Learned a level 7 spell: Spellforged Servitor
 19216 | Lair:2   | Found a staircase to the Shoals.
 19236 | Lair:2   | Paralysed by a hornet for 3 turns
 19255 | Lair:2   | Reached skill level 5 in Summonings
 19521 | Lair:2   | Noticed a catoblepas
 19973 | Lair:2   | Noticed Urug
 19983 | Lair:2   | Killed Urug
 20319 | Lair:2   | Killed a catoblepas
 20497 | Lair:2   | Found a hole to the Spider Nest.
 20506 | Lair:2   | Reached XP level 13. HP: 109/109 MP: 16/25
 22019 | Lair:3   | Noticed Nergalle
 22024 | Lair:3   | Killed Nergalle
 22125 | Lair:3   | Reached skill level 11 in Fighting
 22267 | Lair:3   | Noticed Snorg
 22272 | Lair:3   | Killed Snorg
 22431 | Lair:3   | Identified the +7 rapier of the Gazing Vulture {flame,
                  | Int+3}
 22445 | Lair:3   | Learned a level 5 spell: Borgnjor's Vile Clutch
 23188 | Lair:4   | Reached skill level 1 in Necromancy
 23823 | Lair:4   | Reached skill level 1 in Evocations
 24080 | Lair:4   | Identified a scroll of acquirement
 24140 | Lair:4   | Acquired 627 gold pieces
 25182 | Lair:5   | Entered Level 5 of the Lair of Beasts
 26285 | Lair:5   | Paralysed by a hornet for 1 turns
 26288 | Lair:5   | Reached XP level 14. HP: 100/119 MP: 17/27
 26299 | Lair:5   | Paralysed by a hornet for 3 turns
 26579 | Lair:5   | Noticed Rupert
 26581 | Lair:5   | Paralysed by Rupert for 4 turns
 26587 | Lair:5   | Killed Rupert
 26792 | Lair:5   | Reached skill level 10 in Summonings
 27232 | Lair:5   | Reached skill level 12 in Fighting
 27353 | Lair:5   | Found a staircase to the Slime Pits.
 27354 | Lair:5   | Found a viscous altar of Jiyva.
 28222 | D:12     | Noticed Maurice
 28374 | D:11     | Maurice stole a ring of protection from fire
 28391 | D:11     | Killed Maurice
 28399 | D:11     | Identified the cursed +0 cloak of Ashenzari's Sybil {Fort,
                  | Melee} (You found it on level 2 of the Dungeon)
 28399 | D:11     | Identified the cursed +2 helmet "Bound Together" {Elem,
                  | Range} (You found it on level 8 of the Dungeon)
 28399 | D:11     | Identified the cursed +2 pair of gloves of the Chained
                  | Portent {Cun, Elem} (You found it on level 5 of the
                  | Dungeon)
 28399 | D:11     | Identified the cursed +0 pair of boots of Panopticon {Fort,
                  | Comp} (You found it on level 5 of the Dungeon)
 28399 | D:11     | Identified the cursed +2 steam dragon scales "Shackled With
                  | Me" {Elem, Bglg} (You found it on level 8 of the Dungeon)
 29113 | D:12     | Noticed a tengu reaver
 29285 | D:12     | HP: 6/120 [tengu reaver/bolt of lightning (43)]
 29292 | D:12     | Killed a tengu reaver
 30295 | D:12     | Identified the +5 war axe of Oczoax {spect, Int+6}
 30309 | D:12     | Reached skill level 5 in Dodging
 31268 | D:13     | Found a portal to a secret trove of treasure.
 31843 | D:13     | Reached skill level 5 in Evocations
 32061 | D:13     | Found a gate to the Vaults.
 32156 | D:13     | Identified the +9 short sword of Zitet {flame, Str+3}
 32622 | D:14     | Gained mutation: You regenerate magic rapidly. [demonic
                  | ancestry]
 32622 | D:14     | Reached XP level 15. HP: 127/127 MP: 16/28
 33405 | D:14     | Found the sphere of Battle
 33451 | D:14     | Paralysed by an orc sorcerer for 2 turns
 33456 | D:14     | Reached skill level 13 in Fighting
 33612 | D:14     | Found Ofrelitub's Book Shop.
 33782 | D:14     | Identified the +1 ring mail of the Eternal Void {rC+}
 33785 | D:14     | Identified the Codex of Position and Substances
 34293 | D:14     | Identified the +1 battleaxe "Rotzerol" {holy, rPois rF-
                  | Will++ Str+4}
 34400 | D:14     | Identified the +6 scale mail of Yredelemnul's Hope {rPois
                  | rN+ MP+9}
 34464 | D:15     | Entered Level 15 of the Dungeon
 34637 | D:15     | Reached skill level 1 in Staves
 35170 | D:15     | Acquired the +0 pair of boots of Udoedif {+Blink Regen+
                  | Stlth+}
 35246 | D:15     | Noticed Kirke
 35253 | D:15     | Killed Kirke
 35391 | D:15     | Identified the +4 sling of Astodwav {flame, SInv}
 35402 | Abyss:2  | Cast into level 2 of the Abyss (an occultist)
 35431 | Abyss:2  | Found an ornate altar of the Wu Jian Council.
 35518 | Abyss:3  | Found a corrupted altar of Lugonu.
 35618 | Abyss:3  | Found a corrupted altar of Lugonu.
 35784 | Abyss:3  | Noticed a tentacled starspawn
 35812 | Abyss:3  | Killed a tentacled starspawn
 35816 | D:15     | Escaped the Abyss
 35941 | D:15     | Gained mutation: Your melee attacks may debilitate your
                  | foes. [demonic ancestry]
 35941 | D:15     | Reached XP level 16. HP: 138/138 MP: 22/29
 35956 | D:15     | Found a staircase to the Depths.
 36170 | Orc:1    | Entered Level 1 of the Orcish Mines
 36189 | Orc:1    | Reached skill level 14 in Fighting
 36571 | Orc:2    | Entered Level 2 of the Orcish Mines
 36580 | Orc:2    | Found Locsukk's Weapon Emporium.
 36626 | Orc:2    | Found a staircase to the Elven Halls.
 36863 | Orc:2    | Found Ossel's General Store.
 36886 | Orc:2    | Bought a scroll of fog for 48 gold pieces
 37116 | Orc:2    | Reached skill level 15 in Conjurations
 37124 | Orc:2    | Found Iguid's Weapon Boutique.
 37124 | Orc:2    | Found Noug's Antique Weapon Emporium.
 37124 | Orc:2    | Found Mugefe's General Store.
 37124 | Orc:2    | Found Yschi's General Store.
 37148 | Orc:2    | Bought a condenser vane for 600 gold pieces
 37153 | Orc:2    | Bought a scroll of fear for 52 gold pieces
 37153 | Orc:2    | Bought a scroll of teleportation for 39 gold pieces
 37155 | Orc:2    | Bought a potion of curing for 45 gold pieces
 37244 | Orc:2    | Found Bosoat's Weapon Shop.
 37593 | Elf:1    | Entered Level 1 of the Elven Halls
 37605 | Orc:2    | Reached skill level 5 in Staves
 37935 | Elf:1    | Found Eshremer's Distillery.
 37943 | Elf:1    | Bought a potion of heal wounds for 100 gold pieces
 37943 | Elf:1    | Bought 2 potions of heal wounds for 200 gold pieces
 37943 | Elf:1    | Bought 2 potions of haste for 400 gold pieces
 38561 | Elf:1    | Reached ****** piety under Ashenzari
 38804 | Elf:1    | Identified the Writings on Marshalled Blows
 38897 | Elf:2    | Reached skill level 5 in Fire Magic
 38928 | Elf:2    | Found Gal Dem's General Store.
 38936 | Elf:2    | Bought a book of Transmutation for 420 gold pieces
 38982 | Elf:2    | Found a glacial archway.
 38985 | IceCv    | Entered an ice cave
 39021 | IceCv    | Reached XP level 17. HP: 147/147 MP: 12/30
 39244 | IceCv    | Identified the +2 helmet of Patterns {rC+ Int+2 Dex-5
                  | Slay+4}
 39325 | IceCv    | Reached skill level 15 in Fighting
 39409 | IceCv    | Noticed an Ice Fiend
 39409 | IceCv    | Noticed an Ice Fiend
 39420 | IceCv    | Killed an Ice Fiend
 39428 | IceCv    | Killed an Ice Fiend
 39831 | Shoals:1 | Entered Level 1 of the Shoals
 39950 | Shoals:1 | Found Aforuw's Weapon Emporium.
 39981 | Shoals:1 | Reached skill level 10 in Dodging
 40633 | Shoals:1 | Upgraded the game from 0.32-a0-933-ga8fa3634e4 to
                  | 0.32-a0-975-g85d4e5bfdb
 41668 | Shoals:3 | Noticed Ilsuiw
 41688 | Shoals:3 | Killed Ilsuiw
 41877 | Shoals:3 | Noticed Mara
 42254 | Shoals:4 | Entered Level 4 of the Shoals
 42254 | Shoals:4 | Identified the +0 robe of the Harvest Moon {rC+ Will++
                  | Stlth-}
 42315 | Shoals:4 | Identified the staff "Upsues" {^Contam rF- Will+++ Conj
                  | Summ}
 42565 | Shoals:4 | Got a barnacled rune of Zot
 42690 | Shoals:4 | Reached skill level 5 in Armour
 42752 | Shoals:4 | Paralysed by a formless jellyfish for 1 turns
 42897 | Shoals:4 | Learned a level 5 spell: Irradiate
 42946 | Shoals:4 | Gained mutation: A meltable icy envelope protects you from
                  | harm. (AC +0) [demonic ancestry]
 42946 | Shoals:4 | Reached XP level 18. HP: 130/157 MP: 7/31
 43121 | Shoals:4 | Reached skill level 16 in Fighting
 43121 | Shoals:4 | Reached skill level 1 in Alchemy
 43243 | Shoals:4 | Identified the +1 buckler of the Eternal Void {Int+4}
 43705 | Shoals:4 | Learned a level 8 spell: Fulsome Fusillade
 44061 | D:14     | Bought an Everburning Encyclopedia for 456 gold pieces
 44061 | D:14     | Bought a book of Annihilations for 720 gold pieces
 44070 | D:14     | Learned a level 8 spell: Ignition
 45030 | Elf:2    | Reached skill level 5 in Alchemy
 45073 | Elf:2    | Found a runed translucent gate.
 45074 | Elf:2    | Found a runed translucent gate.
 45074 | Elf:2    | Found a runed translucent gate.
 45178 | Elf:3    | Entered Level 3 of the Elven Halls
 45520 | Elf:3    | Shot with an arrow by a ghostly deep elf master archer

Illustrated notes

Levels and vault maps discovered:
D:1:      scummos_arrival_simple_fountains, layout_basic
D:2:      layout_rooms
D:3:      layout_basic, evilmike_ruin_ashenzari, minmay_misc_feat_hallway,
          uniq_terence
D:4:      layout_loops_corners, lemuel_coloured_pillars_altar,
          nicolae_ossuary_entry_ruins, cheibrodos_sewer_entry_drain,
          serial_shops, shop, uniq_blork_the_orc
D:5:      nicolae_cairo_tiling_large, layout_gridville,
          mainiacjoe_overflow_concentric_impassable,
          minmay_temple_entry_antechambers
D:6:      layout_rooms, old_standard_altar, nicolae_vehumet_altar_sigil,
          supply_closet_lemuel
D:7:      layout_basic, mainiacjoe_overflow_24_doors,
          mainiacjoe_overflow_small_starburst, roderic_malta_cross,
          chequers_serial_rivers_room_a
D:8:      layout_cave_pods, mainiacjoe_overflow_six_doors_small,
          grunt_temple_overflow_open, uniq_joseph
D:9:      layout_cross, dpeg_lair_monsters, david_orc_2, nzn_life_drinkers,
          uniq_maggie
D:10:     layout_basic, serial_shops, nicolae_shop_hallway_stairs, uniq_sonja
D:11:     layout_loops_corners, special_room [special_room_orc], minivault_16,
          minmay_misc_feat_rugged
D:12:     minmay_mutant_horseshoe, layout_basic, kennysheep_kite_vault,
          uniq_maurice
D:13:     layout_loops_ring, lightli_vaults_fourway_checkpoint,
          nicolae_trove_entry_free_sample
D:14:     regret_index_early_branch_jog, layout_basic, grunt_decor_one_mirror
D:15:     grunt_enter_depths_magical_seal, layout_basic,
          minmay_misc_feat_encased, uniq_kirke
Lair:1:   layout_cave_pods, grunt_forest_stairs_basic, grunt_megastairs_2,
          lemuel_fruit_fields, lemuel_fruit_fields
Lair:2:   layout_hall_layers, elwin_shoals_entry_rocks, spider_nest_entry_webs,
          nicolae_quartered_pool_impasse, st_stairs_13, dreamdust_wasp_nest,
          infiniplex_staircase_pool, uniq_urug
Lair:3:   layout_cave_pods, uniq_snorg, uniq_nergalle
Lair:4:   layout_roguey, grunt_megastairs_1, serial_bayou_shore_b
Lair:5:   minmay_lair_end_enchanted_forest, layout_regular_city, slime_entry_1,
          grunt_megastairs_3, serial_bayou_shore_b, uniq_rupert
Shoals:1: layout_shoals, serial_shops, shop
Shoals:2: layout_shoals, abandoned_shop
Shoals:3: layout_shoals, uniq_mara, uniq_ilsuiw
Shoals:4: shoals_end_simple, layout_shoals, shoal_ilsuiw
Orc:1:    layout_caves
Orc:2:    st_orc_ogre_mass, layout_caves, serial_shops, shop,
          nicolae_diamond_shop, nicolae_square_shop
Elf:1:    minmay_elf_arrival_circle, layout_onion_city, serial_shops,
          nicolae_diamond_shop, minmay_elf_sorcery
Elf:2:    nicolae_elf_blades_crystal_corner, layout_onion_city, serial_shops,
          nicolae_shop_tiny_statue_garden, portal_ice_cave_entry_dragon,
          onia_ninara_cookie
Elf:3:    grunt_elf_hall_branching, layout_onion_city, minivault_25_ag

Skill      XL: |  1  2  3  4  5  6  7  8  9 10 11 12 13 14 15 16 17 18 |
---------------+-------------------------------------------------------+-----
Fire Magic     | 1 2 5 7 |  7.7
Spellcasting   | 2 3 5 6 7 |  7.4
Conjurations   | 5 6 7 8 9 11 12 13 14 15 | 15.4
Hexes          | 1 2 3 5 7 |  7.2
Fighting       | 1 2 4 6 8 9 10 11 12 13 14 15 16 | 16.6
Armour         | 3 4 5 |  5.7
Earth Magic    | 6 7 8 |  8.0
Summonings     | 6 9 11 | 11.7
Necromancy     | 2 |  2.5
Dodging        | 3 5 8 9 10 | 10.5
Evocations     | 2 5 7 |  7.0
Staves         | 3 6 8 |  8.8
Alchemy        | 6 |  6.3
Stealth        | |  1.0

Action                     |  1- 3 |  4- 6 |  7- 9 | 10-12 | 13-15 | 16-18 || total
---------------------------+-------+-------+-------+-------+-------+-------++-------
  Melee: Club              |    25 |       |       |       |       |       ||    25
         Rapier            |    54 |   233 |    97 |       |       |       ||   384
         Tailslap          |       |    38 |    19 |    42 |    75 |    28 ||   202
         Staff             |       |       |    45 |   185 |   373 |   124 ||   727
   Cast: Foxfire           |    26 |    72 |   326 |   194 |    21 |   192 ||   831
         Fulminant Prism   |       |       |    10 |    48 |     5 |     2 ||    65
         Bombard           |       |       |       |    85 |   293 |   415 ||   793
         Iskenderun's Batt |       |       |       |    26 |     2 |     1 ||    29
         Borgnjor's Vile C |       |       |       |       |    84 |    14 ||    98
         Spellforged Servi |       |       |       |       |    28 |    17 ||    45
 Invoke: Curse Item        |       |       |     6 |     4 |     1 |     2 ||    13
         Shatter the Chain |       |       |     1 |       |     2 |       ||     3
  Evoke: Wand              |       |       |     6 |    15 |    12 |     3 ||    36
         Lightning rod     |       |       |       |       |    12 |       ||    12
    Use: Scroll            |     1 |     2 |     2 |    10 |     5 |    11 ||    31
         Potion            |       |     4 |       |     3 |     5 |    17 ||    29
   Stab: Sleeping          |       |       |       |     1 |     1 |     1 ||     3
 Armour: Ring mail         |    64 |   404 |   215 |       |       |       ||   683
         Steam dragon scal |       |       |    54 |   305 |   575 |   372 ||  1306
         Skin              |       |       |       |       |     4 |   112 ||   116
  Dodge: Dodged            |    58 |   270 |   172 |   215 |   430 |   341 ||  1486
  Block: Other             |       |       |       |   137 |   197 |       ||   334
         Reflection        |       |       |       |     4 |     7 |       ||    11

Table legend: (Time is in decaauts)
 A = Elapsed time spent in this place.
 B = Non-inter-level travel time spent in this place.
 C = Inter-level travel time spent in this place.
 D = Time resting spent in this place.
 E = Time spent auto-exploring this place.
 F = Levels seen in this place.
 G = Mean time per level.
                   A        B        C        D        E       F      G
               +--------+--------+--------+--------+--------+-----+--------+
         Total |  46185 |  43792 |   2393 |   2606 |  33189 |  34 | 1358.4 |
       Dungeon |  24686 |  23074 |   1612 |   1720 |  17707 |  15 | 1645.7 |
          Lair |  11241 |  10938 |    303 |    595 |   8852 |   5 | 2248.2 |
        Shoals |   4229 |   4079 |    150 |     46 |   3224 |   4 | 1057.2 |
  Orcish Mines |   1599 |   1407 |    192 |    154 |    812 |   2 |  799.5 |
   Elven Halls |   2545 |   2410 |    135 |      5 |   1793 |   3 |  848.3 |
         Abyss |    413 |    413 |      0 |      0 |    192 |   2 |  206.5 |
         Sewer |    224 |    224 |      0 |      0 |      0 |   1 |  224.0 |
       Ossuary |    627 |    627 |      0 |     40 |    288 |   1 |  627.0 |
      Ice Cave |    618 |    618 |      0 |     46 |    320 |   1 |  618.0 |
               +--------+--------+--------+--------+--------+-----+--------+

Top non-repeatable levels by time:
    D:10: 3290 daAuts
    D:12: 3170 daAuts
    D:11: 2821 daAuts
  Lair:5: 2674 daAuts
  Lair:4: 2253 daAuts
  Lair:2: 2155 daAuts
  Lair:3: 2138 daAuts
  Lair:1: 2019 daAuts
    D:14: 1983 daAuts
     D:8: 1665 daAuts
Shoals:4: 1660 daAuts
     D:7: 1561 daAuts
    D:13: 1484 daAuts
     D:9: 1440 daAuts
    D:15: 1205 daAuts
